 Dungeon Crawl Stone Soup version 0.27.1-33-g824d729ab1 (webtiles) character file.

Game seed: 17281611654341874507

3362 lonewolfV2 the Magician (level 10, -3/67 HPs)
             Began as a Djinni Conjurer on Dec 15, 2021.
             Was an Initiate of Ashenzari.
             Slain by a killer bee (5 damage)
             ... on level 9 of the Dungeon.
             The game lasted 00:33:18 (13096 turns).

lonewolfV2 the Magician (Djinni Conjurer)          Turns: 13096, Time: 00:33:18

Health: -3/67      AC: 15    Str:  6    XL:     10   Next: 23%
Gold:   1676       EV:  8    Int: 23    God:    Ashenzari [......] SH:  0 Dex: 18

rFire    + + +     SeeInvis +   C - +4 hand axe
rCold    x . .     Faith    .   (no shield)
rNeg     . . .     Spirit   .   o - +5 scale mail {rF+}
rPois    ∞         Reflect  .   (no helmet)
rElec    .         Harm     .   h - +2 cloak
rCorr    .         Rampage  .   (no gloves)
Will     +....                  (boots unavailable)
Stlth    +.........             c - amulet of the acrobat
HPRegen  0.21/turn              F - ring of see invisible
MPRegen  0.00/turn              E - +6 ring of dexterity

@: flying
A: sickness immunity, fire resistance 2, cold vulnerability 1, float, innate
caster, hp casting, extra vitality 1
a: Renounce Religion, Curse Item


You were on level 9 of the Dungeon.
You worshipped Ashenzari.
Ashenzari was noncommittal.
You visited 2 branches of the dungeon, and saw 10 of its levels.
You also visited: Sewer and Bailey.

You collected 1676 gold pieces.

Inventory:

Hand Weapons
 p - a +1 war axe of distortion
 C - a +4 hand axe (weapon)
Missiles
 u - 2 throwing nets
Armour
 a - a +0 robe
 h - a +2 cloak (worn)
 o - a +5 scale mail of fire resistance (worn)
Jewellery
 c - an amulet of the acrobat (around neck)
 j - a +4 ring of protection
 k - a ring of resist corrosion
 w - a ring of protection from fire
 E - a +6 ring of dexterity (right hand)
 F - a ring of see invisible (left hand)
Wands
 t - a wand of flame (42)
 y - a wand of iceblast (4)
 B - a wand of polymorph (3)
 D - a wand of charming (7)
Scrolls
 d - a scroll of fog
 q - a scroll of amnesia
 r - a scroll of silence
 x - a scroll of magic mapping
 z - a scroll of enchant armour
Potions
 b - a potion of might
 e - 2 potions of cancellation
 f - 3 potions of mutation
 g - 5 potions of brilliance
 i - a potion of degeneration
 l - a potion of invisibility
 n - 4 potions of haste


   Skills:
 + Level 3.7 Fighting
 + Level 5.6 Axes
 + Level 5.8 Armour
 + Level 5.1 Dodging
 + Level 2.8 Stealth
 + Level 0.5 Unarmed Combat
 + Level 7.1 Spellcasting


You couldn't memorise any spells.
You knew the following spells:

 Your Spells              Type           Power      Damage    Failure   Level
a - Magic Dart            Conj           100%       1d8       4%          1
b - Searing Ray           Conj           80%        3d6       8%          2
c - Dazzling Flash        Conj/Hex       80%        N/A       16%         3
d - Fulminant Prism       Conj/Hex       20%        3d13      45%         4
e - Iskenderun's Mystic   Conj/Tloc      40%        2d9       45%         4
f - Summon Small Mammal   Summ           100%       N/A       4%          1
g - Corpse Rot            Necr/Air       N/A        N/A       8%          2
h - Lesser Beckoning      Tloc           20%        N/A       16%         3
i - Call Canine Familiar  Summ           40%        N/A       16%         3
Your spell library was empty.

Dungeon Overview and Level Annotations

Branches:
Dungeon (9/15)             Temple (1/1) D:5            Lair (0/6) D:9
  Sewer (visited)          Bailey (visited)
    Orc: D:9-12

Altars:
Ashenzari
Cheibriados
Fedhas
Gozag
Hepliaklqana
Kikubaaqudgha
Nemelex Xobeh
Okawaru
Qazlal
Sif Muna
Trog
Uskayaw
Wu Jian
Xom
Yredelemnul
Zin
The Shining One


Innate Abilities, Weirdness & Mutations

You are immune to sickness and miasma.
You are immune to poison.
Your flesh is very heat resistant. (rF++)
You are vulnerable to cold. (rC-)
You float through the air rather than walking.
You learn spells naturally, not from books.
Your magical power is your life essence.
You have superior vitality. (+4 HP)


Message History

The killer bee stings you.
* * * LOW HITPOINT WARNING * * *
The killer bee barely misses you.
You feel better. The killer bee stings you.
* * * LOW HITPOINT WARNING * * *
The killer bee barely misses you. x2
The killer bee stings you but does no damage.
You hit the killer bee.
The killer bee is almost dead.
You hit the killer bee.
The killer bee stings you but does no damage.
The killer bee stings you.
* * * LOW HITPOINT WARNING * * *
The killer bee stings you but does no damage. x2
You feel better. The killer bee barely misses you.
The killer bee closely misses you. The killer bee barely misses you. x2
As you read the scroll of fog, it crumbles to dust.
The scroll dissolves into smoke.
The killer bee stings you.
* * * LOW HITPOINT WARNING * * *
The killer bee stings you but does no damage. x2
The killer bee barely misses you.
The killer bee stings you but does no damage.
The killer bee completely misses you.
The killer bee stings you but does no damage.
The killer bee completely misses you. The killer bee stings you.
* * * LOW HITPOINT WARNING * * *
The killer bee closely misses you. The killer bee misses you.
You hit the killer bee but do no damage.
The killer bee is heavily wounded.
You hit the killer bee.
You kill the killer bee!
The killer bee barely misses you. The killer bee stings you!
* * * LOW HITPOINT WARNING * * *
You hit the killer bee.
The killer bee is severely wounded.
The killer bee barely misses you. x2
You hit the killer bee but do no damage.
The killer bee is severely wounded.
The killer bee stings you.
You die...

##.#######...≈≈P..P..P≈≈.........
#.# #...≈≈[P♣♣ .≈≈......... #.#
#######[# +......... #.# #.#
#...y.y... #.# ##.# ##y# #.# #.>#
#####..#### ##'### ######'#####
#.......... .....# #...§§§§§§§#
#.......... .....#
#....§§@y§.###.......... .....#
###....§§§§§.'.#.......... .....#
#.'....§§§§§.#............
.....###.#....§§§§§.###.......[..
..<.>'...############ #..........
.....##### #.......... .....#
#.......... ###### ###########


You could see a killer bee.

Vanquished Creatures
  A shadow (D:9)
  3 yaks (D:9)
  A water moccasin (D:5)
  A sky beast (D:7)
  An orc warrior (D:9)
  A black bear (D:7)
  A centaur (D:9)
  4 ogres
  2 necrophages
  A phantom (D:6)
  4 kobold brigands
  A wyvern zombie (D:6)
  2 scorpions
  A water moccasin zombie (D:5)
  A water moccasin skeleton (D:6)
  2 killer bees (D:9)
  5 wights (D:6)
  2 bullfrog zombies
  3 orc priests
  4 centaur skeletons
  A bullfrog skeleton (D:5)
  2 hounds (D:6)
  Terence (D:3)
  2 iguanas
  5 orc wizards
  A howler monkey zombie (D:5)
  5 gnolls
  A river rat (D:3)
  7 adders
  A worm (D:4)
  A dart slug (D:1)
  20 orcs
  8 ball pythons
  6 endoplasms
  2 giant cockroaches
  19 goblins
  7 hobgoblins
  30 kobolds
  4 quokkas
  10 bats
  4 frilled lizards
  13 rats
191 creatures vanquished.

Vanquished Creatures (collateral kills)
  A kobold brigand (Sewer)
  A gnoll (D:2)
  An adder (D:3)
  An ufetubus (D:7)
  An adder skeleton (D:2)
  2 ball pythons
  3 endoplasms
  A goblin (D:2)
  A quokka (D:2)
  A bat (D:3)
  A kobold (D:3)
  A rat (D:2)
15 creatures vanquished.

Vanquished Creatures (others)
  3 fulminant prisms
  A fungus (D:1)
  18 plants
22 creatures vanquished.

Grand Total: 228 creatures vanquished

Notes
Turn   | Place    | Note
-------+----------+-------------------------------------------
     0 | D:1      | lonewolfV2 the Djinni Conjurer began the quest for the Orb.
     0 | D:1      | Reached XP level 1. HP: 15/15 MP: 0/0
   242 | D:1      | Reached XP level 2. HP: 18/21 MP: 0/0
   286 | D:1      | Found a faded altar of an unknown god.
   786 | D:1      | Reached XP level 3. HP: 23/25 MP: 0/0
   786 | D:1      | Learned a level 1 spell: Summon Small Mammal
  2255 | D:2      | Reached skill level 4 in Spellcasting
  2258 | D:2      | Reached XP level 4. HP: 15/31 MP: 0/0
  3595 | D:3      | Found a glowing silver altar of Zin.
  3664 | D:3      | Found a glowing drain.
  3670 | D:3      | Reached XP level 5. HP: 33/35 MP: 0/0
  3670 | D:3      | Learned a level 2 spell: Corpse Rot
  4084 | Sewer    | Entered a sewer
  4694 | Sewer    | Noticed a kobold brigand
  4717 | Sewer    | Killed a kobold brigand
  4718 | Sewer    | Reached skill level 5 in Spellcasting
  4718 | Sewer    | Reached XP level 6. HP: 8/41 MP: 0/0
  4994 | Sewer    | Identified a scroll of acquirement
  4994 | Sewer    | Acquired 1247 gold pieces
  5371 | D:3      | Found a stormy altar of Qazlal.
  5374 | D:3      | Found a blossoming altar of Fedhas.
  5429 | D:3      | Noticed Terence
  5430 | D:3      | Noticed an ogre
  5437 | D:3      | Killed an ogre
  5446 | D:3      | Killed Terence
  5447 | D:3      | Reached XP level 7. HP: 10/46 MP: 0/0
  5447 | D:3      | Learned a level 3 spell: Lesser Beckoning
  5815 | D:3      | Found an ornate altar of the Wu Jian Council.
  6241 | D:4      | Reached skill level 1 in Fighting
  6606 | D:4      | Reached skill level 6 in Spellcasting
  6850 | D:4      | Reached skill level 1 in Armour
  6900 | D:4      | Found a shimmering altar of Xom.
  7119 | D:4      | Noticed a +0 dagger
  7119 | D:4      | Noticed a +0 dagger
  7127 | D:4      | Found a hide-covered altar of Uskayaw.
  7183 | D:4      | Reached skill level 1 in Axes
  7183 | D:4      | Reached XP level 8. HP: 46/52 MP: 0/0
  7447 | D:4      | Found a sparkling altar of Nemelex Xobeh.
  7606 | D:5      | Entered Level 5 of the Dungeon
  7606 | D:5      | Found a staircase to the Ecumenical Temple.
  7654 | Temple   | Entered the Ecumenical Temple
  7692 | Temple   | Became a worshipper of Ashenzari the Shackled
  8993 | D:6      | Reached XP level 9. HP: 52/58 MP: 0/0
  8993 | D:6      | Learned a level 3 spell: Call Canine Familiar
  9802 | D:6      | Found a basalt altar of Yredelemnul.
 10096 | D:7      | Found a glowing golden altar of the Shining One.
 11548 | D:9      | Found a staircase to the Lair.
 11585 | D:9      | Reached skill level 7 in Spellcasting
 11751 | D:9      | Found an iron altar of Okawaru.
 11964 | D:9      | Reached skill level 5 in Axes
 12140 | D:9      | Found a flagged portal.
 12150 | Bailey   | Entered a bailey
 12150 | Bailey   | Noticed an orc knight
 12733 | D:9      | Reached skill level 5 in Armour
 12733 | D:9      | Reached XP level 10. HP: 61/67 MP: 0/0
 13085 | D:9      | Reached skill level 5 in Dodging
 13087 | D:9      | HP: 3/67 [killer bee (4)]
 13094 | D:9      | HP: 1/67 [killer bee (7)]
 13096 | D:9      | Slain by a killer bee

Illustrated notes

Levels and vault maps discovered:
D:1:      wander_arrival_lonely_grave, layout_basic,
          dreamdust_ecumenical_altar_hidden_monk_grotto
D:2:      layout_loops_ring, basic_altar
D:3:      layout_loops_ring, mainiacjoe_overflow_tiny_flanked,
          grunt_temple_overflow_forces_of_nature, nzn_wu_jian_contemplation,
          cheibrodos_sewer_entry_sluice, uniq_terence
D:4:      corexii_shack_village, layout_rooms, dancing_weapons_uskayaw, tgw_xom,
          pf_just_have_faith, chequers_serial_rivers_room_b,
          lexackson_kobold_supper
D:5:      layout_basic, minmay_temple_entry_junction
D:6:      layout_basic, mainiacjoe_overflow_surrounded_room, minmay_statues_item
D:7:      layout_loops_ring, mainiacjoe_overflow_alcove_2
D:8:      layout_cave_pools, lemuel_crystal_altar, st_stairs_1,
          minmay_fire_ice_demons, uniq_harold
D:9:      layout_roguey, nicolae_elyvilon_peaceful_grove, old_standard_altar,
          kennysheep_orc_sif_temple, lair_entry_dummy, enter_bailey_5
Temple:   compressed_dpeg_triangle_lava_temple

Skill      XL: |  1  2  3  4  5  6  7  8  9 10 |
---------------+-------------------------------+-----
Spellcasting   | 4 5 6 7 |  7.1
Stealth        | 2 |  2.8
Dodging        | 3 4 5 |  5.1
Fighting       | 1 2 3 |  3.7
Armour         | 1 3 5 |  5.8
Axes           | 1 3 5 |  5.6
Unarmed Combat | |  0.5

Action                   |  1- 3 |  4- 6 |  7- 9 | 10-12 || total
-------------------------+-------+-------+-------+-------++-------
Melee: Unarmed           |     4 |    27 |       |       ||    31
       War axe           |       |       |   188 |       ||   188
       Hand axe          |       |       |   163 |    48 ||   211
 Cast: Magic Dart        |    51 |    69 |   152 |     2 ||   274
       Summon Small Mamm |    25 |    38 |     1 |       ||    64
       Corpse Rot        |       |     3 |       |       ||     3
       Fulminant Prism   |       |     3 |       |       ||     3
       Searing Ray       |       |    12 |    25 |       ||    37
       Iskenderun's Myst |       |     2 |       |       ||     2
       Dazzling Flash    |       |     1 |       |       ||     1
       Lesser Beckoning  |       |       |     2 |       ||     2
  Use: Scroll            |     1 |     4 |     4 |     2 ||    11
       Potion            |       |       |     3 |     4 ||     7
Armor: Robe              |     5 |    47 |       |       ||    52
       Scale mail        |       |       |   326 |    50 ||   376
Dodge: Dodged            |    15 |    72 |   204 |    63 ||   354
